 Dungeon Crawl Stone Soup version 0.29.1-1-gd02db6906a (webtiles) character file.

Game seed: 16755412724237833831

672 QueenGhuleh the Chopper (level 7, -2/61 HPs)
             Began as a Minotaur Berserker on Sept 27, 2022.
             Was a Believer of Trog.
             Slain by an orc
             ... wielding a +0 war axe
              (4 damage)
             ... on level 5 of the Dungeon on Sept 28, 2022.
             The game lasted 00:09:06 (3940 turns).

QueenGhuleh the Chopper (Minotaur Berserker)        Turns: 3940, Time: 00:09:06

Health: -2/61      AC: 12    Str: 23    XL:     7   Next: 32%
Magic:  6/6        EV:  7    Int:  4    God:    Trog [**....]
Gold:   167        SH:  0    Dex: 10    Spells: 6/6 levels left

rFire   . . .      SeeInvis .   m - +2 flail (holy)
rCold   . . .      Faith    .   (no shield)
rNeg    . . .      Spirit   .   d - +0 plate armour
rPois   .          Reflect  .   (helmet restricted)
rElec   .          Harm     .   (no cloak)
rCorr   .          Rampage  .   (no gloves)
Will    .....                   (no boots)
Stlth   ..........              (no amulet)
HPRegen 0.20/turn               (no ring)
MPRegen 0.10/turn               (no ring)

@: confused
A: horns 2, retaliatory headbutt
a: Renounce Religion, Berserk, Trog's Hand


You were on level 5 of the Dungeon.
You worshipped Trog.
Trog was pleased with you.
You visited 1 branch of the dungeon, and saw 5 of its levels.

You collected 167 gold pieces.

Inventory:

Hand Weapons
 a - a +0 hand axe
 m - a +2 flail of holy wrath (weapon)
 r - a +0 war axe
Armour
 d - a +0 plate armour (worn)
Scrolls
 c - 2 scrolls of enchant armour {unknown}
 g - a scroll of magic mapping {unknown}
 h - 2 scrolls of teleportation {unknown}
 i - 2 scrolls of identify {unknown}
 o - 2 scrolls of amnesia {unknown}
 q - a scroll of poison {unknown}
Potions
 b - a potion of attraction {unknown}
 e - 2 potions of magic {unknown}
 f - 3 potions of lignification {unknown}
 j - a potion of mutation {unknown}
 k - 2 potions of invisibility {unknown}
 l - a potion of haste {unknown}
 n - 2 potions of brilliance {unknown}
 p - 2 potions of heal wounds {unknown}


   Skills:
 + Level 5.6 Fighting
 + Level 5.7(6.6) Axes
 + Level 5.0(6.3) Maces & Flails
 + Level 5.4 Armour
 + Level 2.5 Dodging


You had 6 spell levels left.
You didn't know any spells.
Your spell library was empty.

Dungeon Overview and Level Annotations

Branches:
Dungeon (5/15)
 Temple: D:4-7

Altars:
Trog
The Shining One


Innate Abilities, Weirdness & Mutations

You have a pair of horns on your head.
You reflexively headbutt those who attack you in melee.


Message History

The orc wizard shouts!
The orc wizard gestures at you while chanting.
You are confused.
You bump into the rock wall.
The orc hits you with a +0 mace.
An orc wizard comes into view. It is wielding a +0 dagger.
The orc hits you but does no damage. The orc hits you with a +0 war axe.
* * * LOW HITPOINT WARNING * * *
You're still recovering from your berserk rage.
You feel less confused. The orc hits you with a +0 war axe.
* * * LOW HITPOINT WARNING * * *
The orc wizard hits you but does no damage.
The orc wizard attacks as you move away!
The orc wizard hits you but does no damage.
You recover from your berserk rage.
The orc hits you with a +0 war axe!
* * * LOW HITPOINT WARNING * * *
You sock the orc!
The orc is almost dead.
The orc wizard casts a spell at you.
You are confused.
The orc wizard hits you with a +0 dagger.
* * * LOW HITPOINT WARNING * * *
The orc wizard hits you but does no damage. x2
You miss the orc wizard.
An orc wizard comes into view.
It is wielding a +1 dagger of holy wrath.
The orc hits you with a +0 war axe.
* * * LOW HITPOINT WARNING * * *
The orc wizard barely misses you.
The orc wizard hits you but does no damage.
You bump into the rock wall.
The orc wizard shouts!
The orc wizard gestures at you while chanting.
You resist with some effort.
The orc wizard gestures wildly while chanting.
The orc wizard flickers and vanishes!
Deactivating autopickup; reactivate with Ctrl-A.
The orc hits you with a +0 war axe.
You die...

........$.......#
...........^....#
.##..!..........#
#..............#
#......).......#
#..............#######+
#......................
...........[oo.........
............@{o........
........#######o.......
......... #........
......... #..#.....
...#..... ..###.... ..
..


You could see 2 orc wizards and 2 orcs.

Vanquished Creatures
  Edmund (D:4)
  An ogre (D:5)
  A necrophage (D:4)
  A scorpion (D:4)
  3 hounds (D:4)
  3 iguanas (D:4)
  2 orc wizards
  2 adders
  A white imp (D:5)
  7 dart slugs
  9 orcs
  6 endoplasms
  5 giant cockroaches
  11 goblins
  5 hobgoblins
  3 jackals (D:4)
  3 quokkas
  6 ball pythons
  6 bats
  4 frilled lizards
  9 kobolds
  3 rats
92 creatures vanquished.

Vanquished Creatures (others)
  A wizard (D:3)
1 creature vanquished.

Grand Total: 93 creatures vanquished

Notes
Turn   | Place    | Note
-------+----------+-------------------------------------------
     0 | D:1      | QueenGhuleh the Minotaur Berserker began the quest for the
                  | Orb.
     0 | D:1      | Reached XP level 1. HP: 19/19 MP: 0/0
   271 | D:1      | Reached XP level 2. HP: 27/27 MP: 1/1
   394 | D:1      | Found a faded altar of an unknown god.
   611 | D:1      | Reached XP level 3. HP: 33/33 MP: 2/2
   758 | D:2      | Reached ** piety under Trog
  1542 | D:3      | Reached XP level 4. HP: 5/41 MP: 3/3
  1551 | D:3      | Reached skill level 5 in Axes
  1963 | D:3      | Found a glowing golden altar of the Shining One.
  2134 | D:3      | Found a bloodstained altar of Trog.
  2171 | D:3      | Noticed a wizard
  2173 | D:3      | Killed a wizard
  2679 | D:4      | Reached XP level 5. HP: 29/47 MP: 4/4
  2838 | D:4      | Reached skill level 5 in Fighting
  3299 | D:4      | Noticed Edmund
  3302 | D:4      | Reached skill level 1 in Maces & Flails
  3310 | D:4      | Killed Edmund
  3311 | D:4      | Reached XP level 6. HP: 40/56 MP: 5/5
  3636 | D:4      | Reached skill level 5 in Armour
  3636 | D:4      | Reached XP level 7. HP: 61/61 MP: 6/6
  3757 | D:5      | Entered Level 5 of the Dungeon
  3891 | D:5      | Reached skill level 5 in Maces & Flails
  3939 | D:5      | HP: 2/61 [orc/+0 war axe (6)]
  3940 | D:5      | Slain by an orc

Illustrated notes

Levels and vault maps discovered:
D:1:      amcnicky_arrival_feature_with_door, layout_loops_ring,
          chequers_ecumenical_altar_simple_redux
D:2:      layout_loops_cross, chequers_serial_rivers_marsh
D:3:      layout_basic, trog_wizard, lemuel_round_altar
D:4:      layout_basic, uniq_edmund
D:5:      layout_basic, minmay_temple_entry_tees, grunt_ministairs_12,
          uniq_blork_the_orc

Skill      XL: |  1  2  3  4  5  6  7 |
---------------+----------------------+-----
Axes           | 4 5 |  5.7
Fighting       | 4 5 |  5.6
Armour         | 3 4 5 |  5.4
Maces & Flails | 3 4 5 |  5.0
Dodging        | |  2.5

Action                   |  1- 3 |  4- 6 |  7- 9 || total
-------------------------+-------+-------+-------++-------
Melee: Hand axe          |    99 |    10 |       ||   109
       Headbutt          |    12 |    12 |     2 ||    26
       Punch             |     1 |     1 |       ||     2
       Flail             |       |    75 |    19 ||    94
Invok: Berserk           |       |     1 |     1 ||     2
Armor: Animal skin       |     2 |       |       ||     2
       Plate armour      |    46 |    52 |    19 ||   117
Dodge: Dodged            |    36 |    36 |     4 ||    76
